 Dungeon Crawl Stone Soup version 0.26-a0-612-gd4d190f45e (webtiles) character file.

Game seed: 9736096604951880659

42 DogServant the Insei (level 3, 13/23 HPs)
             Began as an Octopode Transmuter on Sept 9, 2020.
             Quit the game on level 2 of the Dungeon.
             The game lasted 00:02:52 (1388 turns).

DogServant the Insei (Octopode Transmuter)          Turns: 1388, Time: 00:02:53

Health: 13/23      AC:  1    Str: 10    XL:     3   Next: 56%
Magic:  6/6        EV: 13    Int: 15    God:
Gold:   41         SH:  0    Dex: 12    Spells: 3/6 levels left

rFire    . . .     SeeInvis .     - Unarmed
rCold    . . .     Faith    .   (no shield)
rNeg     . . .     Spirit   .   (helmet restricted)
rPois    .         Reflect  .   (no amulet)
rElec    .         Harm     .   (no ring)
rCorr    .                      (no ring)
MR       .....                  (no ring)
Stlth    ++........             (no ring)
HPRegen  0.07/turn              (no ring)
MPRegen  0.10/turn              (no ring)
                                (no ring)
                                (no ring)

@: no status effects
A: almost no armour, stealthy swim, amphibious, 8 rings, constrict 8, camouflage
1, gelatinous body 1
a: no special abilities


You were on level 2 of the Dungeon.
You visited 1 branch of the dungeon, and saw 2 of its levels.

You collected 41 gold pieces.

Inventory:

Scrolls
 a - 3 scrolls of remove curse {unknown}
 b - 2 scrolls of identify {unknown}
 c - a scroll of amnesia {unknown}
 d - 3 scrolls of immolation {unknown}


   Skills:
 + Level 1.4 Fighting
 + Level 2.3 Dodging
 + Level 3.5 Unarmed Combat
 + Level 2.3 Spellcasting
 + Level 2.3 Transmutations


You had 3 spell levels left.
You knew the following spells:

 Your Spells              Type           Power        Failure   Level
a - Beastly Appendage     Tmut           #.....       9%          1
b - Wereblood             Tmut           #.......     12%         2

Your spell library contained the following spells:

 Spells                   Type           Power        Failure   Level
 Spider Form              Tmut/Pois      #.........   36%         3
 Ice Form                 Ice/Tmut       #.......     78%         4
 Blade Hands              Tmut           #.........   92%         5


Dungeon Overview and Level Annotations

Branches:
Dungeon (2/15)

Altars:
Xom


Innate Abilities, Weirdness & Mutations

You cannot wear most types of armour.
You are very stealthy in the water. (Stealth+)
You are amphibious.
You can wear up to eight rings at the same time.
You can use your tentacles to constrict eight enemies at once.
Your skin changes colour to match your surroundings (Stealth+).
Your rubbery body absorbs attacks. (AC +1, EV +1)


Message History

The bat hits you. The bat hits you but does no damage.
The bat barely misses you. The bat hits you.
The bat hits you but does no damage.
You barely miss the bat. Your grab misses the bat.
You squeeze the bat, but do no damage. The bat hits you.
The bat hits you but does no damage.
You tentacle-slap the bat. You grab the bat. Your squeeze misses the bat.
The bat is severely wounded.
You constrict the bat.
You kill the bat!
Memorise Wereblood, consuming 2 spell levels and leaving 3?
Okay, then.
Sorry, you're not good enough to have a special ability.
Memorise Wereblood, consuming 2 spell levels and leaving 3?
You start memorising the spell.
You continue memorising. x2
You finish memorising.
Spell assigned to 'b'.
Unknown command.
Are you sure you want to abandon this character and quit the game? (Confirm with "yes".)

...............#
...............#
.........>.....#
.............#.#
.....##.....##.#
.##.........# .#
..........)##.######
######.#.#.......... ...
#......@....... ....
##..####†####..# #...
#..)##....[##.###..#.....
#..#.#.......#.##..##.....
....##.#.......#............
..### #....._.......# #.....
# #.#.......#..#####.....
#.#.......#.....#......
..##.....##............


There were no monsters in sight!

Vanquished Creatures
  An adder (D:2)
  An ooze (D:1)
  A leopard gecko (D:1)
  A ball python (D:1)
  3 giant cockroaches (D:2)
  3 goblins
  7 hobgoblins
  4 bats
  A frilled lizard (D:2)
  A kobold (D:2)
  A quokka skeleton (D:2)
  2 rats (D:2)
26 creatures vanquished.

Notes
Turn   | Place    | Note
-------+----------+-------------------------------------------
     0 | D:1      | DogServant the Octopode Transmuter began the quest for the
                  | Orb.
     0 | D:1      | Reached XP level 1. HP: 13/13 MP: 3/3
   250 | D:1      | Reached XP level 2. HP: 13/18 MP: 3/5
  1289 | D:2      | Reached XP level 3. HP: 20/23 MP: 6/6
  1329 | D:2      | Found a shimmering altar of Xom.
  1388 | D:2      | Learned a level 2 spell: Wereblood
  1388 | D:2      | Quit the game

Illustrated notes

Levels and vault maps discovered:
D:1:      minmay_arrival_hallway, layout_basic, serial_corexii_hall,
          corexii_hall_statues_i, corexii_hall_statues_l
D:2:      layout_rooms, old_standard_altar, zin_academy, uniq_robin

Action                   || total
-------------------------++-------
Melee: Unarmed           ||    50
       Constrict         ||    17
       Tentacles         ||    13
       Punch             ||     2
       Kick              ||     1
 Cast: Beastly Appendage ||     1
 Stab: Sleeping          ||     3
Armor: Skin              ||    10
Dodge: Dodged            ||    27

Table legend: (Time is in decaauts)
 A = Elapsed time spent in this place.
 B = Non-inter-level travel time spent in this place.
 C = Inter-level travel time spent in this place.
 D = Time resting spent in this place.
 E = Time spent auto-exploring this place.
 F = Levels seen in this place.
 G = Mean time per level.
                   A        B        C        D        E       F      G
               +--------+--------+--------+--------+--------+-----+--------+
         Total |   1385 |   1370 |     15 |      0 |   1210 |   2 |  692.5 |
       Dungeon |   1385 |   1370 |     15 |      0 |   1210 |   2 |  692.5 |
               +--------+--------+--------+--------+--------+-----+--------+

Top non-repeatable levels by time:
     D:1: 1210 daAuts
     D:2: 174 daAuts
